Adelaide Pink Elephants vs Toronto St Pats
Created - Friday, October 4, 2024 at 11:30
Goals
|
| Adelaide Pink Elephants |
0 |
1 |
0 |
1 |
| Toronto St Pats |
0 |
1 |
1 |
2 |
|
Shots
|
| Adelaide Pink Elephants |
3 |
13 |
8 |
24 |
| Toronto St Pats |
9 |
11 |
20 |
40 |
|
1st period
No Goal
Penalties :
Austin Watson (TSP) for Slashing (Minor) at 9:12
2nd period
1. Adelaide Pink Elephants , William Wallinder 4 (Cal Clutterbuck 24, Denis Gurianov 23) at 3:56 (PP)
2. Toronto St Pats , Austin Watson 12 (Mackie Samoskevich 18) at 4:41
Penalties :
Austin Watson (TSP) for Roughing (Minor) at 0:42, Lassi Thomson (TSP) for Holding (Minor) at 3:33, Austin Watson (TSP) for Holding Stick (Minor) at 6:13, Brett Berard (TSP) for Hooking (Minor) at 12:05, Austin Watson (TSP) for Tripping (Minor) at 19:08
3rd period
3. Toronto St Pats , Nick Cousins 17 (Scott Perunovich 10, Travis Boyd 30) at 19:37 (SH)
Penalties :
Brett Berard (TSP) for Slashing (Minor) at 9:07, Lucas Carlsson (TSP) for Roughing (Minor) at 11:44, Ben Gleason (APE) for Tripping (Minor) at 15:27, Nick Cousins (TSP) for Holding (Minor) at 15:33, Matthew Maggio (TSP) for Fighting (Major) at 19:03, Ville Heinola (APE) for Fighting (Major) at 19:03, Matthew Maggio (TSP) for instigated a fight (Minor) at 19:03, Matthew Maggio (TSP) for instigated a fight (10 Minutes Misconduct) at 19:03
Goalie Stats
Antti Raanta (APE), 38 saves from 40 shots - (0.950), L, 8-9-1, 60:00 minutes
Adam Scheel (TSP), 23 saves from 24 shots - (0.958), W, 11-10-0, 60:00 minutes
Players Stats for Adelaide Pink Elephants
Player Name G A P +/- PIM S H SB GA TA FO MP PP MP PK MP
------------------------------------------------------------------------------------
Akil Thomas 0 0 0 -1 0 4 1 2 1 1 4/10 21:27 7:07 0:00
Ben Gleason 0 0 0 0 2 0 0 0 0 0 0/0 13:45 0:06 0:00
Cal Clutterbuck 0 1 1 -1 0 3 2 1 2 0 1/2 22:16 7:37 0:03
Colton Dach 0 0 0 0 0 2 0 1 2 0 0/0 15:36 0:00 0:00
Daemon Hunt 0 0 0 0 0 2 0 0 2 2 0/0 24:35 7:33 0:00
Denis Gurianov 0 1 1 -1 0 1 3 1 1 0 0/0 20:18 7:37 0:03
Francesco Pinelli 0 0 0 0 0 0 0 0 0 0 0/0 2:51 0:37 0:00
Fredrik Olofsson 0 0 0 -1 0 1 1 0 0 0 11/18 20:30 7:32 0:03
Ilya Solovyov 0 0 0 0 0 0 0 0 0 1 0/0 21:05 7:33 0:00
Nick Cicek 0 0 0 0 0 0 1 1 0 0 0/0 13:35 0:00 0:00
Noah Cates 0 0 0 -1 0 2 1 0 1 0 9/18 22:17 7:37 0:03
Robin Salo 0 0 0 -2 0 3 2 0 0 1 0/0 21:22 7:45 0:06
Ryan Suzuki 0 0 0 0 0 2 1 0 0 1 4/6 15:37 0:00 0:00
Ryder Korczak 0 0 0 0 0 0 0 0 0 0 0/0 1:27 0:13 0:00
Sean Farrell 0 0 0 -1 0 2 0 0 1 0 1/1 19:40 7:28 0:00
Tristen Robins 0 0 0 0 0 1 4 0 0 0 0/1 15:36 0:00 0:00
Ville Heinola 0 0 0 0 5 0 0 0 0 0 0/0 4:40 0:00 0:00
William Wallinder 1 0 1 -2 0 1 0 0 0 0 0/0 21:22 7:45 0:06
Players Stats for Toronto St Pats
Player Name G A P +/- PIM S H SB GA TA FO MP PP MP PK MP
------------------------------------------------------------------------------------
Austin Watson 1 0 1 1 8 5 4 0 1 0 0/0 12:36 0:00 0:00
Bogdan Trineyev 0 0 0 0 0 1 1 0 0 0 0/0 8:59 0:00 0:00
Brendan Brisson 0 0 0 1 0 0 2 1 1 1 3/11 19:14 0:00 7:13
Brendan Gaunce 0 0 0 0 0 2 1 0 0 0 5/9 13:05 0:00 0:35
Brett Berard 0 0 0 0 4 3 0 0 1 0 0/1 11:04 0:00 0:00
Connor Dewar 0 0 0 1 0 7 2 0 0 0 11/18 19:05 0:06 7:21
John Farinacci 0 0 0 0 0 2 4 0 0 0 1/6 10:52 0:00 0:50
Lassi Thomson 0 0 0 0 2 0 1 1 0 1 0/0 12:58 0:00 0:00
Lucas Carlsson 0 0 0 0 2 0 0 0 0 0 0/0 13:08 0:00 0:00
Mackie Samoskevich 0 1 1 1 0 0 0 1 0 1 1/2 11:20 0:00 0:00
Matthew Maggio 0 0 0 0 17 2 2 0 1 0 0/0 8:58 0:00 0:00
Nick Cousins 1 0 1 1 2 4 1 0 1 0 0/0 18:28 0:05 7:21
Nikita Okhotiuk 0 0 0 1 0 1 1 0 1 3 0/0 24:48 0:00 7:29
Pierre-Olivier Joseph 0 0 0 1 0 5 0 0 0 1 0/0 24:48 0:00 7:29
Ryan Tverberg 0 0 0 0 0 4 1 0 0 1 0/0 11:19 0:00 0:00
Sam Malinski 0 0 0 1 0 1 1 1 0 0 0/0 22:13 0:06 7:49
Scott Perunovich 0 1 1 1 0 2 3 1 0 0 0/0 22:13 0:06 7:49
Travis Boyd 0 1 1 0 0 1 2 1 0 2 5/9 17:31 0:06 7:16
3 Stars
1 - Antti Raanta (APE)
2 - Adam Scheel (TSP)
3 - Scott Perunovich (TSP)
Power Play
Adelaide Pink Elephants - 1 on 10 Attempt(s) - 10.00%
Toronto St Pats - 0 on 1 Attempt(s) - 0.00%
Penalty Kill
Adelaide Pink Elephants - 1 on 1 Attempt(s) - 100.00%
- Score 0 goal in Penalty Kill
Toronto St Pats - 9 on 10 Attempt(s) - 90.00%
- Score 1 goal in Penalty Kill
Team Stat
Adelaide Pink Elephants - Hits : 16 - Faceoff Wins : 30 - Blocked Shots : 6 - Penalty Minutes : 7
Toronto St Pats - Hits : 26 - Faceoff Wins : 26 - Blocked Shots : 6 - Penalty Minutes : 35
Official
Referees : Furman South and Justin Kea
Linesman : Libor Suchanek and Shandor Alphonso
Game Notes
Ville Heinola beats up Matthew Maggio at 19:03 of 3rd period
Adelaide Pink Elephants
5 vs 5 Forward
Center Left Wing Right Wing Time % Phy DF OF
1 Noah Cates Denis Gurianov Cal Clutterbuck 30 1 2 2
2 Fredrik Olofsson Sean Farrell Akil Thomas 30 1 2 2
3 Ryan Suzuki Colton Dach Tristen Robins 25 1 2 2
4 Akil Thomas Cal Clutterbuck Noah Cates 15 1 2 2
5 vs 5 Defense
Defense Defense Time % Phy DF OF
1 Daemon Hunt Ilya Solovyov 30 1 2 2
2 William Wallinder Robin Salo 30 1 2 2
3 Ben Gleason Nick Cicek 25 1 2 2
4 Ville Heinola Daemon Hunt 15 1 2 2
PowerPlay Forward
Center Left Wing Right Wing Time % Phy DF OF
1 Noah Cates Denis Gurianov Cal Clutterbuck 50 1 2 2
2 Fredrik Olofsson Sean Farrell Akil Thomas 50 1 2 2
PowerPlay Defense
Defense Defense Time % Phy DF OF
1 Daemon Hunt Ilya Solovyov 50 1 2 2
2 William Wallinder Robin Salo 50 1 2 2
Penalty Kill 4 Players Forward
Center Wing Time % Phy DF OF
1 Cal Clutterbuck Noah Cates 50 1 2 2
2 Denis Gurianov Fredrik Olofsson 50 1 2 2
Penalty Kill 4 Players Defense
Defense Defense Time % Phy DF OF
1 Daemon Hunt Ilya Solovyov 50 1 2 2
2 William Wallinder Robin Salo 50 1 2 2
Penalty Kill - 3 Players Forward
Forward Time % Phy DF OF
1 Cal Clutterbuck 50 1 2 2
2 Noah Cates 50 1 2 2
Penalty Kill - 3 Players Defense
Defense Defense Time % Phy DF OF
1 Daemon Hunt Ilya Solovyov 50 1 2 2
2 William Wallinder Robin Salo 50 1 2 2
4 vs 4 Forward
Center Wing Time % Phy DF OF
1 Cal Clutterbuck Noah Cates 50 1 2 2
2 Denis Gurianov Fredrik Olofsson 50 1 2 2
4 vs 4 Defense
Defense Defense Time % Phy DF OF
1 Daemon Hunt Ilya Solovyov 50 1 2 2
2 William Wallinder Robin Salo 50 1 2 2
Last Minutes Offensive
Center Left Wing Right Wing Defense Defense
Noah Cates Denis Gurianov Cal Clutterbuck Daemon Hunt Ilya Solovyov
Last Minutes Defensive
Center Left Wing Right Wing Defense Defense
Noah Cates Denis Gurianov Cal Clutterbuck Daemon Hunt Ilya Solovyov
Goaltenders
Starting : Antti Raanta
Backup : Daniel Vladar
Extra Forwards
Normal : Francesco Pinelli, Ryder Korczak, Ryan Suzuki - PP : Francesco Pinelli, Ryder Korczak - PK : Ryan Suzuki
Extra Defensemen
Normal : Ben Gleason, Nick Cicek, Ville Heinola - PP : Ben Gleason - PK : Nick Cicek, Ville Heinola
Penalty Shots
Cal Clutterbuck, Noah Cates, Denis Gurianov, Fredrik Olofsson, Ryan Suzuki
Scratches
Kyle Masters (Healthy), Brett Harrison (Healthy), Jakub Brabenec (Healthy), Philippe Daoust (Healthy), Matthew Murray (Healthy)
Toronto St Pats
5 vs 5 Forward
Center Left Wing Right Wing Time % Phy DF OF
1 Connor Dewar Nick Cousins Travis Boyd 30 1 2 2
2 Brendan Brisson Austin Watson Mackie Samoskevich 30 1 2 2
3 Brendan Gaunce Brett Berard Ryan Tverberg 25 1 2 2
4 John Farinacci Bogdan Trineyev Matthew Maggio 15 1 2 2
5 vs 5 Defense
Defense Defense Time % Phy DF OF
1 Nikita Okhotiuk Pierre-Olivier Joseph 30 1 2 2
2 Sam Malinski Scott Perunovich 30 1 2 2
3 Lucas Carlsson Lassi Thomson 25 1 2 2
4 Nikita Okhotiuk Pierre-Olivier Joseph 15 1 2 2
PowerPlay Forward
Center Left Wing Right Wing Time % Phy DF OF
1 Connor Dewar Nick Cousins Travis Boyd 50 1 2 2
2 Brendan Brisson Austin Watson Mackie Samoskevich 50 1 2 2
PowerPlay Defense
Defense Defense Time % Phy DF OF
1 Sam Malinski Scott Perunovich 50 1 2 2
2 Lucas Carlsson Pierre-Olivier Joseph 50 1 2 2
Penalty Kill 4 Players Forward
Center Wing Time % Phy DF OF
1 Connor Dewar Nick Cousins 50 1 2 2
2 Travis Boyd Brendan Brisson 50 1 2 2
Penalty Kill 4 Players Defense
Defense Defense Time % Phy DF OF
1 Nikita Okhotiuk Pierre-Olivier Joseph 50 1 2 2
2 Sam Malinski Scott Perunovich 50 1 2 2
Penalty Kill - 3 Players Forward
Forward Time % Phy DF OF
1 Connor Dewar 50 1 2 2
2 Nick Cousins 50 1 2 2
Penalty Kill - 3 Players Defense
Defense Defense Time % Phy DF OF
1 Nikita Okhotiuk Pierre-Olivier Joseph 50 1 2 2
2 Sam Malinski Scott Perunovich 50 1 2 2
4 vs 4 Forward
Center Wing Time % Phy DF OF
1 Connor Dewar Nick Cousins 50 1 2 2
2 Travis Boyd Brendan Brisson 50 1 2 2
4 vs 4 Defense
Defense Defense Time % Phy DF OF
1 Nikita Okhotiuk Pierre-Olivier Joseph 50 1 2 2
2 Sam Malinski Scott Perunovich 50 1 2 2
Last Minutes Offensive
Center Left Wing Right Wing Defense Defense
Connor Dewar Nick Cousins Travis Boyd Nikita Okhotiuk Pierre-Olivier Joseph
Last Minutes Defensive
Center Left Wing Right Wing Defense Defense
Connor Dewar Nick Cousins Travis Boyd Nikita Okhotiuk Pierre-Olivier Joseph
Goaltenders
Starting : Adam Scheel
Backup : Jakub Skarek
Extra Forwards
Normal : Brendan Gaunce, Ryan Tverberg, John Farinacci - PP : Brendan Gaunce, Ryan Tverberg - PK : John Farinacci
Extra Defensemen
Normal : Lucas Carlsson, Lassi Thomson, Sam Malinski - PP : Lucas Carlsson - PK : Lassi Thomson, Sam Malinski
Penalty Shots
Connor Dewar, Nick Cousins, Travis Boyd, Brendan Brisson, Austin Watson
Scratches
Cole McWard (Healthy), Nico Myatovic (Healthy), Eetu Liukas (Healthy), Ville Koivunen (Healthy), Jake Leschyshyn (Healthy)
Brett Brochu (Healthy), Will Cranley (Healthy)
% Time on Ice - Adelaide Pink Elephants
Lines # - Real PCT - Wanted PCT - Time Play
Normal Forward
1 - 28% - 30% - 11:56
2 - 29% - 30% - 12:19
3 - 37% - 25% - 15:36
4 - 7% - 15% - 2:52
Normal Defense
1 - 29% - 30% - 12:28
2 - 30% - 30% - 12:57
3 - 31% - 25% - 13:20
4 - 9% - 15% - 3:58
PP Forward
1 - 50% - 50% - 7:43
2 - 50% - 50% - 7:35
PP Defense
1 - 49% - 50% - 7:33
2 - 51% - 50% - 7:45
PK Forward
1 - 50% - 50% - 0:03
2 - 50% - 50% - 0:03
PK Defense
1 - 0% - 50% - 0:00
2 - 100% - 50% - 0:06
PK3 Forward
1 - 0% - 50%
2 - 0% - 50%
PK3 Defense
1 - 0% - 50%
2 - 0% - 50%
44 Forward
1 - 55% - 50% - 1:02
2 - 45% - 50% - 0:51
44 Defense
1 - 57% - 50% - 1:04
2 - 43% - 50% - 0:49
Last Minute Offensive - 0:00
Last Minute Defensive - 0:00
Total
Forward - 60:00
Defense - 60:00
|
% Time on Ice - Toronto St Pats
Lines # - Real PCT - Wanted PCT - Time Play
Normal Forward
1 - 26% - 30% - 11:09
2 - 28% - 30% - 11:46
3 - 25% - 25% - 10:49
4 - 21% - 15% - 8:59
Normal Defense
1 - 27% - 30% - 11:37
2 - 31% - 30% - 13:27
3 - 30% - 25% - 12:59
4 - 11% - 15% - 4:40
PP Forward
1 - 100% - 50% - 0:06
2 - 0% - 50% - 0:00
PP Defense
1 - 100% - 50% - 0:06
2 - 0% - 50% - 0:00
PK Forward
1 - 50% - 50% - 7:35
2 - 50% - 50% - 7:43
PK Defense
1 - 49% - 50% - 7:29
2 - 51% - 50% - 7:49
PK3 Forward
1 - 0% - 50%
2 - 0% - 50%
PK3 Defense
1 - 0% - 50%
2 - 0% - 50%
44 Forward
1 - 64% - 50% - 1:12
2 - 36% - 50% - 0:41
44 Defense
1 - 55% - 50% - 1:02
2 - 45% - 50% - 0:51
Last Minute Offensive - 0:00
Last Minute Defensive - 0:00
Total
Forward - 60:00
Defense - 60:00
|
Play-by-Play
1st period
0:01 of 1st period - Noah Cates wins face-off versus Connor Dewar in neutral zone.
0:30 of 1st period - Off-side.
0:31 of 1st period - Fredrik Olofsson wins face-off versus Brendan Gaunce in neutral zone.
0:36 of 1st period - Wrist shot by Fredrik Olofsson.
0:36 of 1st period - Shot Blocked by Sam Malinski.
1:01 of 1st period - Snap shot by Ryan Suzuki.
1:01 of 1st period - Shot Misses the Net.
1:21 of 1st period - Snap shot by Cal Clutterbuck.
1:21 of 1st period - Stopped by Adam Scheel with a rebound.
2:11 of 1st period - Ryan Tverberg is hit by Denis Gurianov and loses puck.
3:33 of 1st period - Austin Watson is hit by Nick Cicek and loses puck.
4:02 of 1st period - Wrist shot by Matthew Maggio.
4:02 of 1st period - Shot Blocked by Denis Gurianov.
4:36 of 1st period - Snap shot by Matthew Maggio.
4:36 of 1st period - Shot Misses the Net.
5:02 of 1st period - Brett Berard is hit by Tristen Robins.
5:32 of 1st period - Wrist shot by Matthew Maggio.
5:32 of 1st period - Stopped by Antti Raanta without a rebound.
5:33 of 1st period - Noah Cates wins face-off versus John Farinacci in Adelaide Pink Elephants zone.
6:17 of 1st period - Snap shot by Nick Cousins.
6:17 of 1st period - Stopped by Antti Raanta with a rebound.
6:33 of 1st period - Sam Malinski is hit by Denis Gurianov.
7:22 of 1st period - Denis Gurianov is hit by John Farinacci and loses puck.
7:31 of 1st period - John Farinacci is hit by Noah Cates and loses puck.
7:42 of 1st period - Sean Farrell is hit by Austin Watson and loses puck.
7:53 of 1st period - Slapshot by Mackie Samoskevich.
7:53 of 1st period - Shot Misses the Net.
7:55 of 1st period - Snap shot by Brendan Brisson.
7:55 of 1st period - Shot Misses the Net.
8:05 of 1st period - Fredrik Olofsson is hit by Sam Malinski and loses puck.
9:12 of 1st period - Minor Penalty to Austin Watson for Slashing.
9:13 of 1st period - Noah Cates wins face-off versus Connor Dewar in Toronto St Pats zone.
9:19 of 1st period - Nikita Okhotiuk is hit by Cal Clutterbuck and loses puck.
9:26 of 1st period - Wrist shot by Cal Clutterbuck.
9:26 of 1st period - Shot Misses the Net.
9:28 of 1st period - Slapshot by Denis Gurianov.
9:28 of 1st period - Deflect By Connor Dewar.
9:28 of 1st period - Shot Misses the Net.
9:28 of 1st period - Puck is out of play.
9:29 of 1st period - Travis Boyd wins face-off versus Noah Cates in Toronto St Pats zone.
11:12 of 1st period - Penalty to Austin Watson is over, Austin Watson is back on ice.
11:59 of 1st period - Ryan Suzuki is hit by Ryan Tverberg and loses puck.
13:42 of 1st period - Tristen Robins is hit by Nick Cousins and loses puck.
14:08 of 1st period - Icing by Pierre-Olivier Joseph.
14:09 of 1st period - Noah Cates wins face-off versus John Farinacci in Toronto St Pats zone.
15:02 of 1st period - Slapshot by Connor Dewar.
15:02 of 1st period - Stopped by Antti Raanta with a rebound.
15:48 of 1st period - Ben Gleason is hit by John Farinacci and loses puck.
15:53 of 1st period - Snap shot by John Farinacci.
15:53 of 1st period - Shot Blocked by Akil Thomas.
15:55 of 1st period - Slapshot by Lassi Thomson.
15:55 of 1st period - Shot Misses the Net.
16:14 of 1st period - Denis Gurianov is hit by Austin Watson and loses puck.
16:35 of 1st period - Icing by Colton Dach.
16:36 of 1st period - Brendan Gaunce wins face-off versus Tristen Robins in Adelaide Pink Elephants zone.
16:37 of 1st period - Backhand shot by Brett Berard.
16:37 of 1st period - Stopped by Antti Raanta with a rebound.
16:45 of 1st period - Wrist shot by Ryan Tverberg.
16:45 of 1st period - Stopped by Antti Raanta with a rebound.
16:47 of 1st period - Snap shot by Pierre-Olivier Joseph.
16:47 of 1st period - Stopped by Antti Raanta without a rebound.
16:48 of 1st period - Connor Dewar wins face-off versus Fredrik Olofsson in Adelaide Pink Elephants zone.
16:53 of 1st period - Snap shot by Travis Boyd.
16:53 of 1st period - Stopped by Antti Raanta without a rebound.
16:54 of 1st period - Fredrik Olofsson wins face-off versus Connor Dewar in Adelaide Pink Elephants zone.
17:19 of 1st period - Noah Cates is hit by Brendan Brisson and loses puck.
17:47 of 1st period - Brendan Gaunce is hit by Tristen Robins and loses puck.
18:00 of 1st period - Snap shot by Brett Berard.
18:00 of 1st period - Shot Misses the Net.
18:02 of 1st period - Wrist shot by John Farinacci.
18:02 of 1st period - Stopped by Antti Raanta without a rebound.
18:03 of 1st period - Akil Thomas wins face-off versus John Farinacci in Adelaide Pink Elephants zone.
18:03 of 1st period - Akil Thomas is hit by Bogdan Trineyev.
18:09 of 1st period - Snap shot by Akil Thomas.
18:09 of 1st period - Stopped by Adam Scheel with a rebound.
18:11 of 1st period - Wrist shot by Noah Cates.
18:11 of 1st period - Stopped by Adam Scheel with a rebound.
19:01 of 1st period - Icing by Noah Cates.
19:02 of 1st period - Brendan Gaunce wins face-off versus Noah Cates in Adelaide Pink Elephants zone.
19:05 of 1st period - Wrist shot by Brendan Gaunce.
19:05 of 1st period - Stopped by Antti Raanta with a rebound.
19:27 of 1st period - Nick Cicek is hit by Travis Boyd and loses puck.
19:52 of 1st period - Off-side.
19:53 of 1st period - Fredrik Olofsson wins face-off versus Brendan Brisson in neutral zone.
Goals for this period are 0 for Adelaide Pink Elephants vs 0 for Toronto St Pats.
Shots for this period are 3 for Adelaide Pink Elephants vs 9 for Toronto St Pats.
2nd period
0:01 of 2nd period - Connor Dewar wins face-off versus Akil Thomas in neutral zone.
0:14 of 2nd period - Wrist shot by Akil Thomas.
0:14 of 2nd period - Stopped by Adam Scheel with a rebound.
0:16 of 2nd period - Wrist shot by Noah Cates.
0:16 of 2nd period - Shot Misses the Net.
0:34 of 2nd period - Slapshot by Ryan Suzuki.
0:34 of 2nd period - Stopped by Adam Scheel with a rebound.
0:36 of 2nd period - Slapshot by Daemon Hunt.
0:36 of 2nd period - Deflect By Brendan Brisson.
0:36 of 2nd period - Stopped by Adam Scheel with a rebound.
0:42 of 2nd period - Minor Penalty to Austin Watson for Roughing.
0:43 of 2nd period - Travis Boyd wins face-off versus Akil Thomas in Toronto St Pats zone.
1:16 of 2nd period - William Wallinder is hit by Brendan Brisson and loses puck.
2:42 of 2nd period - Penalty to Austin Watson is over, Austin Watson is back on ice.
2:56 of 2nd period - Colton Dach is hit by Scott Perunovich.
3:18 of 2nd period - Snap shot by Austin Watson.
3:18 of 2nd period - Stopped by Antti Raanta with a rebound.
3:33 of 2nd period - Minor Penalty to Lassi Thomson for Holding.
3:34 of 2nd period - Fredrik Olofsson wins face-off versus Connor Dewar in Toronto St Pats zone.
3:34 of 2nd period - Wrist shot by Sean Farrell.
3:34 of 2nd period - Shot Misses the Net.
3:44 of 2nd period - Slapshot by Akil Thomas.
3:44 of 2nd period - Stopped by Adam Scheel with a rebound.
3:46 of 2nd period - Snap shot by Akil Thomas.
3:46 of 2nd period - Stopped by Adam Scheel without a rebound.
3:47 of 2nd period - Noah Cates wins face-off versus Travis Boyd in Toronto St Pats zone.
3:54 of 2nd period - Wrist shot by Cal Clutterbuck.
3:54 of 2nd period - Shot Blocked by Travis Boyd.
3:56 of 2nd period - Slapshot by William Wallinder.
3:56 of 2nd period - Goal by William Wallinder - Adelaide Pink Elephants : 1 - Toronto St Pats : 0.
3:57 of 2nd period - Connor Dewar wins face-off versus Akil Thomas in neutral zone.
4:02 of 2nd period - Wrist shot by Travis Boyd.
4:02 of 2nd period - Deflect By Connor Dewar.
4:02 of 2nd period - Stopped by Antti Raanta without a rebound.
4:03 of 2nd period - Connor Dewar wins face-off versus Akil Thomas in Adelaide Pink Elephants zone.
4:04 of 2nd period - Slapshot by Travis Boyd.
4:04 of 2nd period - Shot Misses the Net.
4:06 of 2nd period - Slapshot by Pierre-Olivier Joseph.
4:06 of 2nd period - Shot Misses the Net.
4:10 of 2nd period - Snap shot by Connor Dewar.
4:10 of 2nd period - Stopped by Antti Raanta without a rebound.
4:11 of 2nd period - Connor Dewar wins face-off versus Noah Cates in Adelaide Pink Elephants zone.
4:41 of 2nd period - Snap shot by Austin Watson.
4:41 of 2nd period - Goal by Austin Watson - Adelaide Pink Elephants : 1 - Toronto St Pats : 1.
4:42 of 2nd period - Akil Thomas wins face-off versus Mackie Samoskevich in neutral zone.
4:49 of 2nd period - Wrist shot by Noah Cates.
4:49 of 2nd period - Shot Misses the Net.
5:09 of 2nd period - Travis Boyd is hit by Tristen Robins and loses puck.
5:18 of 2nd period - Ilya Solovyov is hit by Travis Boyd and loses puck.
5:27 of 2nd period - Pierre-Olivier Joseph is hit by Tristen Robins and loses puck.
5:42 of 2nd period - Snap shot by Ryan Suzuki.
5:42 of 2nd period - Stopped by Adam Scheel with a rebound.
5:44 of 2nd period - Snap shot by Colton Dach.
5:44 of 2nd period - Shot Hit the Post.
5:46 of 2nd period - Backhand shot by Tristen Robins.
5:46 of 2nd period - Stopped by Adam Scheel without a rebound.
5:47 of 2nd period - Noah Cates wins face-off versus Brendan Brisson in Toronto St Pats zone.
5:54 of 2nd period - Wrist shot by Cal Clutterbuck.
5:54 of 2nd period - Stopped by Adam Scheel without a rebound.
5:55 of 2nd period - Noah Cates wins face-off versus Brendan Brisson in Toronto St Pats zone.
6:02 of 2nd period - Snap shot by Denis Gurianov.
6:02 of 2nd period - Shot Misses the Net.
6:04 of 2nd period - Slapshot by Robin Salo.
6:04 of 2nd period - Deflect By Scott Perunovich.
6:04 of 2nd period - Stopped by Adam Scheel with a rebound.
6:06 of 2nd period - Wrist shot by Cal Clutterbuck.
6:06 of 2nd period - Stopped by Adam Scheel without a rebound.
6:07 of 2nd period - Noah Cates wins face-off versus Brendan Brisson in Toronto St Pats zone.
6:13 of 2nd period - Minor Penalty to Austin Watson for Holding Stick.
6:14 of 2nd period - Fredrik Olofsson wins face-off versus Travis Boyd in Toronto St Pats zone.
6:16 of 2nd period - Snap shot by Sean Farrell.
6:16 of 2nd period - Stopped by Adam Scheel without a rebound.
6:17 of 2nd period - Fredrik Olofsson wins face-off versus Travis Boyd in Toronto St Pats zone.
6:24 of 2nd period - Snap shot by Sean Farrell.
6:24 of 2nd period - Shot Blocked by Brendan Brisson.
6:26 of 2nd period - Wrist shot by Fredrik Olofsson.
6:26 of 2nd period - Stopped by Adam Scheel without a rebound.
6:27 of 2nd period - Connor Dewar wins face-off versus Akil Thomas in Toronto St Pats zone.
6:52 of 2nd period - Brendan Brisson is hit by Robin Salo and loses puck.
7:05 of 2nd period - Connor Dewar is hit by Cal Clutterbuck and loses puck.
7:16 of 2nd period - Ilya Solovyov is hit by Scott Perunovich and loses puck.
7:23 of 2nd period - Nick Cousins is hit by Fredrik Olofsson and loses puck.
8:13 of 2nd period - Penalty to Austin Watson is over, Austin Watson is back on ice.
8:23 of 2nd period - Slapshot by Scott Perunovich.
8:23 of 2nd period - Stopped by Antti Raanta with a rebound.
8:25 of 2nd period - Slapshot by Scott Perunovich.
8:25 of 2nd period - Deflect By Ryan Suzuki.
8:25 of 2nd period - Stopped by Antti Raanta without a rebound.
8:26 of 2nd period - Brendan Gaunce wins face-off versus Ryan Suzuki in Adelaide Pink Elephants zone.
8:38 of 2nd period - Slapshot by Brendan Gaunce.
8:38 of 2nd period - Stopped by Antti Raanta with a rebound.
8:41 of 2nd period - Icing by Colton Dach.
8:42 of 2nd period - Ryan Suzuki wins face-off versus Brendan Brisson in Adelaide Pink Elephants zone.
9:29 of 2nd period - Snap shot by John Farinacci.
9:29 of 2nd period - Shot Blocked by Nick Cicek.
10:05 of 2nd period - Ilya Solovyov is hit by Scott Perunovich and loses puck.
10:24 of 2nd period - Wrist shot by Nick Cousins.
10:24 of 2nd period - Stopped by Antti Raanta with a rebound.
10:26 of 2nd period - Snap shot by Lassi Thomson.
10:26 of 2nd period - Shot Misses the Net.
10:28 of 2nd period - Slapshot by Lucas Carlsson.
10:28 of 2nd period - Shot Misses the Net.
10:30 of 2nd period - Snap shot by Lassi Thomson.
10:30 of 2nd period - Shot Blocked by Colton Dach.
10:54 of 2nd period - Snap shot by John Farinacci.
10:54 of 2nd period - Shot Misses the Net.
10:58 of 2nd period - Snap shot by Matthew Maggio.
10:58 of 2nd period - Shot Misses the Net.
11:00 of 2nd period - Snap shot by Bogdan Trineyev.
11:00 of 2nd period - Stopped by Antti Raanta without a rebound.
11:01 of 2nd period - Fredrik Olofsson wins face-off versus Brendan Brisson in Adelaide Pink Elephants zone.
12:05 of 2nd period - Minor Penalty to Brett Berard for Hooking.
12:06 of 2nd period - Fredrik Olofsson wins face-off versus Connor Dewar in Toronto St Pats zone.
12:15 of 2nd period - Slapshot by Pierre-Olivier Joseph.
12:15 of 2nd period - Stopped by Antti Raanta with a rebound.
14:05 of 2nd period - Penalty to Brett Berard is over, Brett Berard is back on ice.
15:07 of 2nd period - Colton Dach is hit by John Farinacci and loses puck.
16:46 of 2nd period - Ilya Solovyov is hit by Austin Watson and loses puck.
17:29 of 2nd period - Ben Gleason is hit by Connor Dewar and loses puck.
18:16 of 2nd period - Off-side.
18:17 of 2nd period - Brendan Gaunce wins face-off versus Akil Thomas in neutral zone.
18:42 of 2nd period - Cal Clutterbuck is hit by Matthew Maggio and loses puck.
19:08 of 2nd period - Minor Penalty to Austin Watson for Tripping.
19:09 of 2nd period - Connor Dewar wins face-off versus Noah Cates in Toronto St Pats zone.
19:15 of 2nd period - Slapshot by Sam Malinski.
19:15 of 2nd period - Stopped by Antti Raanta with a rebound.
Goals for this period are 1 for Adelaide Pink Elephants vs 1 for Toronto St Pats.
Shots for this period are 13 for Adelaide Pink Elephants vs 11 for Toronto St Pats.
3rd period
0:01 of 3rd period - Connor Dewar wins face-off versus Noah Cates in neutral zone.
0:15 of 3rd period - Snap shot by Noah Cates.
0:15 of 3rd period - Stopped by Adam Scheel with a rebound.
1:08 of 3rd period - Penalty to Austin Watson is over, Austin Watson is back on ice.
1:15 of 3rd period - Robin Salo is hit by Austin Watson and loses puck.
1:24 of 3rd period - Snap shot by Nick Cousins.
1:24 of 3rd period - Shot Misses the Net.
2:33 of 3rd period - Icing by Noah Cates.
2:34 of 3rd period - Ryan Suzuki wins face-off versus Brendan Brisson in Adelaide Pink Elephants zone.
3:47 of 3rd period - Slapshot by Robin Salo.
3:47 of 3rd period - Stopped by Adam Scheel with a rebound.
4:12 of 3rd period - Cal Clutterbuck is hit by Nikita Okhotiuk and loses puck.
4:27 of 3rd period - Slapshot by Sam Malinski.
4:27 of 3rd period - Shot Misses the Net.
4:39 of 3rd period - Fredrik Olofsson is hit by Brendan Gaunce and loses puck.
4:48 of 3rd period - Wrist shot by Ryan Tverberg.
4:48 of 3rd period - Stopped by Antti Raanta with a rebound.
4:50 of 3rd period - Snap shot by Brett Berard.
4:50 of 3rd period - Stopped by Antti Raanta with a rebound.
4:52 of 3rd period - Slapshot by Pierre-Olivier Joseph.
4:52 of 3rd period - Deflect By Brett Berard.
4:52 of 3rd period - Stopped by Antti Raanta with a rebound.
5:22 of 3rd period - Robin Salo is hit by Lassi Thomson and loses puck.
5:42 of 3rd period - Sam Malinski is hit by Ryan Suzuki.
5:56 of 3rd period - Off-side.
5:57 of 3rd period - Brendan Gaunce wins face-off versus Fredrik Olofsson in neutral zone.
6:04 of 3rd period - Snap shot by Brett Berard.
6:04 of 3rd period - Shot Misses the Net.
6:06 of 3rd period - Wrist shot by Ryan Tverberg.
6:06 of 3rd period - Shot Blocked by Akil Thomas.
6:08 of 3rd period - Snap shot by Ryan Tverberg.
6:08 of 3rd period - Shot Misses the Net.
6:10 of 3rd period - Wrist shot by Ryan Tverberg.
6:10 of 3rd period - Shot Misses the Net.
6:12 of 3rd period - Slapshot by Pierre-Olivier Joseph.
6:12 of 3rd period - Stopped by Antti Raanta with a rebound.
6:19 of 3rd period - Icing by Akil Thomas.
6:20 of 3rd period - Fredrik Olofsson wins face-off versus Connor Dewar in Adelaide Pink Elephants zone.
6:53 of 3rd period - Slapshot by Tristen Robins.
6:53 of 3rd period - Deflect By Colton Dach.
6:53 of 3rd period - Stopped by Adam Scheel without a rebound.
6:54 of 3rd period - Connor Dewar wins face-off versus Fredrik Olofsson in Toronto St Pats zone.
7:02 of 3rd period - Off-side.
7:03 of 3rd period - Connor Dewar wins face-off versus Fredrik Olofsson in neutral zone.
7:14 of 3rd period - Snap shot by Nick Cousins.
7:14 of 3rd period - Shot Misses the Net.
7:16 of 3rd period - Snap shot by Connor Dewar.
7:16 of 3rd period - Deflect By Nick Cousins.
7:16 of 3rd period - Stopped by Antti Raanta with a rebound.
7:18 of 3rd period - Snap shot by Connor Dewar.
7:18 of 3rd period - Stopped by Antti Raanta without a rebound.
7:19 of 3rd period - Brendan Brisson wins face-off versus Noah Cates in Adelaide Pink Elephants zone.
7:26 of 3rd period - Snap shot by Brendan Brisson.
7:26 of 3rd period - Deflect By Mackie Samoskevich.
7:26 of 3rd period - Shot Blocked by Cal Clutterbuck.
7:26 of 3rd period - Puck is out of play.
7:27 of 3rd period - Brendan Brisson wins face-off versus Noah Cates in Adelaide Pink Elephants zone.
7:28 of 3rd period - Wrist shot by Austin Watson.
7:28 of 3rd period - Stopped by Antti Raanta with a rebound.
7:30 of 3rd period - Slapshot by Mackie Samoskevich.
7:30 of 3rd period - Shot Misses the Net.
7:32 of 3rd period - Slapshot by Brendan Brisson.
7:32 of 3rd period - Shot Misses the Net.
7:34 of 3rd period - Slapshot by Pierre-Olivier Joseph.
7:34 of 3rd period - Stopped by Antti Raanta with a rebound.
7:36 of 3rd period - Slapshot by Nikita Okhotiuk.
7:36 of 3rd period - Stopped by Antti Raanta with a rebound.
7:38 of 3rd period - Snap shot by Austin Watson.
7:38 of 3rd period - Shot Misses the Net.
8:03 of 3rd period - Icing by Pierre-Olivier Joseph.
8:04 of 3rd period - Mackie Samoskevich wins face-off versus Fredrik Olofsson in Toronto St Pats zone.
8:04 of 3rd period - Mackie Samoskevich is hit by Akil Thomas.
8:16 of 3rd period - Snap shot by Austin Watson.
8:16 of 3rd period - Stopped by Antti Raanta with a rebound.
8:18 of 3rd period - Slapshot by Pierre-Olivier Joseph.
8:18 of 3rd period - Stopped by Antti Raanta with a rebound.
9:00 of 3rd period - Snap shot by Denis Gurianov.
9:00 of 3rd period - Shot Blocked by Scott Perunovich.
9:02 of 3rd period - Slapshot by Robin Salo.
9:02 of 3rd period - Stopped by Adam Scheel without a rebound.
9:03 of 3rd period - Sean Farrell wins face-off versus Brett Berard in Toronto St Pats zone.
9:07 of 3rd period - Minor Penalty to Brett Berard for Slashing.
9:08 of 3rd period - Travis Boyd wins face-off versus Fredrik Olofsson in Toronto St Pats zone.
11:07 of 3rd period - Penalty to Brett Berard is over, Brett Berard is back on ice.
11:22 of 3rd period - Snap shot by Colton Dach.
11:22 of 3rd period - Stopped by Adam Scheel without a rebound.
11:23 of 3rd period - Ryan Suzuki wins face-off versus Brendan Gaunce in Toronto St Pats zone.
11:44 of 3rd period - Minor Penalty to Lucas Carlsson for Roughing.
11:45 of 3rd period - Travis Boyd wins face-off versus Noah Cates in Toronto St Pats zone.
11:56 of 3rd period - Snap shot by Denis Gurianov.
11:56 of 3rd period - Stopped by Adam Scheel with a rebound.
13:44 of 3rd period - Penalty to Lucas Carlsson is over, Lucas Carlsson is back on ice.
14:03 of 3rd period - Snap shot by Ryan Tverberg.
14:03 of 3rd period - Stopped by Antti Raanta with a rebound.
14:05 of 3rd period - Wrist shot by Ryan Tverberg.
14:05 of 3rd period - Stopped by Antti Raanta without a rebound.
14:06 of 3rd period - John Farinacci wins face-off versus Ryan Suzuki in Adelaide Pink Elephants zone.
14:11 of 3rd period - Snap shot by Matthew Maggio.
14:11 of 3rd period - Stopped by Antti Raanta without a rebound.
14:12 of 3rd period - Ryan Suzuki wins face-off versus John Farinacci in Adelaide Pink Elephants zone.
14:12 of 3rd period - Ryan Suzuki is hit by Matthew Maggio.
14:55 of 3rd period - Slapshot by Daemon Hunt.
14:55 of 3rd period - Stopped by Adam Scheel with a rebound.
15:24 of 3rd period - Off-side.
15:25 of 3rd period - Akil Thomas wins face-off versus Brendan Gaunce in neutral zone.
15:27 of 3rd period - Minor Penalty to Ben Gleason for Tripping.
15:28 of 3rd period - Cal Clutterbuck wins face-off versus Connor Dewar in Adelaide Pink Elephants zone.
15:28 of 3rd period - Cal Clutterbuck is hit by Connor Dewar.
15:33 of 3rd period - Minor Penalty to Nick Cousins for Holding.
15:34 of 3rd period - Connor Dewar wins face-off versus Cal Clutterbuck in Toronto St Pats zone.
15:45 of 3rd period - Snap shot by Brendan Gaunce.
15:45 of 3rd period - Deflect By Connor Dewar.
15:45 of 3rd period - Stopped by Antti Raanta with a rebound.
15:47 of 3rd period - Wrist shot by Connor Dewar.
15:47 of 3rd period - Stopped by Antti Raanta with a rebound.
15:49 of 3rd period - Slapshot by Nikita Okhotiuk.
15:49 of 3rd period - Deflect By Connor Dewar.
15:49 of 3rd period - Stopped by Antti Raanta with a rebound.
16:01 of 3rd period - Nikita Okhotiuk is hit by Denis Gurianov and loses puck.
16:54 of 3rd period - Nikita Okhotiuk is hit by Robin Salo and loses puck.
17:27 of 3rd period - Penalty to Ben Gleason is over, Ben Gleason is back on ice.
17:28 of 3rd period - Francesco Pinelli is hit by John Farinacci and loses puck.
17:33 of 3rd period - Penalty to Nick Cousins is over, Nick Cousins is back on ice.
17:52 of 3rd period - Wrist shot by Ben Gleason.
17:52 of 3rd period - Deflect By Brendan Gaunce.
17:52 of 3rd period - Shot Misses the Net.
17:52 of 3rd period - Puck is out of play.
17:53 of 3rd period - Fredrik Olofsson wins face-off versus Brendan Brisson in Toronto St Pats zone.
17:54 of 3rd period - Snap shot by Akil Thomas.
17:54 of 3rd period - Shot Blocked by Lassi Thomson.
17:56 of 3rd period - Slapshot by Sean Farrell.
17:56 of 3rd period - Stopped by Adam Scheel with a rebound.
17:58 of 3rd period - Slapshot by Ilya Solovyov.
17:58 of 3rd period - Shot Misses the Net.
18:00 of 3rd period - Slapshot by Daemon Hunt.
18:00 of 3rd period - Deflect By Sean Farrell.
18:00 of 3rd period - Shot Blocked by Mackie Samoskevich.
18:00 of 3rd period - Puck is out of play.
18:01 of 3rd period - Brendan Brisson wins face-off versus Fredrik Olofsson in Toronto St Pats zone.
18:10 of 3rd period - Slapshot by Austin Watson.
18:10 of 3rd period - Stopped by Antti Raanta without a rebound.
18:11 of 3rd period - Akil Thomas wins face-off versus Brendan Gaunce in Adelaide Pink Elephants zone.
18:39 of 3rd period - Wrist shot by Sean Farrell.
18:39 of 3rd period - Shot Misses the Net.
19:00 of 3rd period - Snap shot by John Farinacci.
19:00 of 3rd period - Stopped by Antti Raanta without a rebound.
19:01 of 3rd period - Noah Cates wins face-off versus John Farinacci in Adelaide Pink Elephants zone.
19:03 of 3rd period - Ville Heinola beats up Matthew Maggio.
19:03 of 3rd period - Penalty to Matthew Maggio for Fighting.
19:03 of 3rd period - Penalty to Ville Heinola for Fighting.
19:03 of 3rd period - Penalty to Matthew Maggio for instigated a fight.
19:03 of 3rd period - Penalty to Matthew Maggio for instigated a fight.
19:04 of 3rd period - Fredrik Olofsson wins face-off versus Travis Boyd in neutral zone.
19:37 of 3rd period - Wrist shot by Nick Cousins.
19:37 of 3rd period - Goal by Nick Cousins - Adelaide Pink Elephants : 1 - Toronto St Pats : 2.
19:38 of 3rd period - Travis Boyd wins face-off versus Noah Cates in neutral zone.
Goals for this period are 0 for Adelaide Pink Elephants vs 1 for Toronto St Pats.
Shots for this period are 8 for Adelaide Pink Elephants vs 20 for Toronto St Pats.
Back to the Top